 Dungeon Crawl Stone Soup version 0.31.0-11-ge490571c62 (webtiles) character file.

Game seed: 10747977690476277416

133 qw the Skirmisher (level 4, 0/25 HPs)
             Began as a Deep Elf Hunter on Feb 5, 2024.
             Incinerated by a bombardier beetle (5 damage)
             ... with a burning spray
             ... on level 3 of the Dungeon.
             The game lasted 00:01:07 (2198 turns).

qw the Skirmisher (Deep Elf Hunter)                 Turns: 2198, Time: 00:01:08

Health: 0/25       AC:  4    Str: 10    XL:     4   Next: 93%
Magic:  6/6        EV: 12    Int: 14    God:
Gold:   56         SH:  0    Dex: 18    Spells: 3/3 levels left

rFire   . . .        a - +0 shortbow
rCold   . . .        (shield currently unavailable)
rNeg    . . .        c - +0 leather armour
rPois   .            (no helmet)
rElec   .            (no cloak)
rCorr   .            (no gloves)
SInv    .            b - +0 pair of boots
Will    .....        (no amulet)
Stlth   +            (no ring)
HPRegen 0.24/turn    (no ring)
MPRegen 0.10/turn

%: no passive effects
@: on fire, glowing
A: no striking features
a: no special abilities


You were on level 3 of the Dungeon.
You visited 1 branch of the dungeon, and saw 3 of its levels.

You collected 56 gold pieces.


   Skills:
 - Level 1.5 Fighting
 + Level 8.3 Ranged Weapons
 - Level 2.4 Dodging
 - Level 1.2 Stealth


You had 3 spell levels left.
You didn't know any spells.
Your spell library was empty.

Inventory:

Hand Weapons
 a - a +0 shortbow (weapon)
Armour
 b - a +0 pair of boots (worn)
 c - a +0 leather armour (worn)
 d - a +0 scale mail
Potions
 e - a potion of curing {unknown}
 g - a potion of enlightenment

Dungeon Overview and Level Annotations

Branches:
Dungeon (3/15)

Altars:


Message History

The arrow hits the bombardier beetle but does no damage.
The bombardier beetle is moderately wounded.
The bombardier beetle closely misses you.
You shoot an arrow. The arrow hits the bombardier beetle.
The bombardier beetle is moderately wounded.
You shoot an arrow.
The arrow hits the bombardier beetle but does no damage.
The bombardier beetle is moderately wounded.
The bombardier beetle barely misses you.
You shoot an arrow.
The arrow hits the bombardier beetle but does no damage.
The bombardier beetle is moderately wounded.
The bombardier beetle sprays incendiary fluid at you.
The burning spray hits you.
You are covered in liquid fire!
You shoot an arrow.
The arrow hits the bombardier beetle but does no damage.
The bombardier beetle is moderately wounded.
The liquid fire burns you!
You shoot an arrow.
The arrow completely misses the bombardier beetle.
The liquid fire burns you!
The bombardier beetle sprays incendiary fluid at you.
The burning spray hits you.
You are even more covered in liquid fire!
You shoot an arrow.
The arrow hits the bombardier beetle but does no damage.
The bombardier beetle is moderately wounded.
The liquid fire burns you! The bombardier beetle bites you.
You shoot an arrow. The arrow hits the bombardier beetle.
The bombardier beetle is severely wounded.
The liquid fire burns you!
You shoot an arrow. The arrow hits the bombardier beetle!
You kill the bombardier beetle!
The liquid fire burns you!
Your Ranged Weapons skill increases to level 8!
You are on fire!
The liquid fire burns you!
You die...

#...# #....... #...#
###'#### ##### #.#
#.# ###### #.#
#....###.# #.##.#...#
#######.##.###.#
#.@.....##.....#
......%##############
....... #########
......# #........
....<. #........
##+#+# #..).....
#........ #........
#........


There were no monsters in sight!

Vanquished Creatures
  A bombardier beetle (D:3)
  Jessica (D:2)
  2 adders (D:2)
  A dart slug (D:3)
  A ribbon worm (D:3)
  7 bats
  7 endoplasms
  4 giant cockroaches
  3 goblins
  4 hobgoblins
  5 jackals (D:2)
  A quokka (D:3)
  2 ball pythons (D:2)
  2 frilled lizards (D:1)
  8 kobolds
  5 rats
54 creatures vanquished.

Notes
Turn   | Place    | Note
-------+----------+-------------------------------------------
     0 | D:1      | qw the Deep Elf Hunter began the quest for the Orb.
     0 | D:1      | Reached XP level 1. HP: 12/12 MP: 3/3
     0 | D:1      | 0 ||| qw: Version: 0.3-a-160-g6735b56
     0 | D:1      | 0 ||| qw: Game counter: 6521
     0 | D:1      | 0 ||| qw: Melee chars always use a shield: true
     0 | D:1      | 0 ||| qw: God list: Okawaru
     0 | D:1      | 0 ||| qw: Allow faded altars: false
     0 | D:1      | 0 ||| qw: Do Orc after clearing Dungeon:15 true
     0 | D:1      | 0 ||| qw: Do second Lair branch before Depths: true
     0 | D:1      | 0 ||| qw: Lair rune preference: random
     0 | D:1      | 0 ||| qw: Goals: Normal
     0 | D:1      | 0 ||| PLANNING D:1-11
   179 | D:1      | Reached skill level 6 in Ranged Weapons
   179 | D:1      | Reached XP level 2. HP: 16/16 MP: 4/4
   404 | D:1      | 404 ||| READING 3 scrolls labelled HASUPT PAUWIMNUDD.
   404 | D:1      | 404 ||| IDENTIFYING sedimented purple potion
   405 | D:1      | 405 ||| DROPPING scroll of butterflies.
   406 | D:1      | 406 ||| DROPPING potion of magic.
   537 | D:1      | 537 ||| READING 2 scrolls of identify.
   537 | D:1      | 537 ||| IDENTIFYING 3 scrolls labelled YJEAGGYLEZ
   538 | D:1      | 538 ||| DROPPING 3 scrolls of vulnerability.
   757 | D:2      | Noticed Jessica
   763 | D:2      | Reached XP level 3. HP: 18/20 MP: 5/5
   769 | D:2      | Killed Jessica
   770 | D:2      | Reached skill level 7 in Ranged Weapons
   772 | D:2      | HP: 5/20 [poisoned by Jessica]
   963 | D:2      | Reached XP level 4. HP: 22/25 MP: 6/6
  1491 | D:2      | 1491 ||| UPGRADING to +0 pair of boots.
  1496 | D:2      | 1496 ||| READING scroll of identify.
  1496 | D:2      | 1496 ||| IDENTIFYING bubbling sapphire potion
  1497 | D:2      | 1497 ||| READING scroll labelled OPACAI ZOLIOTI.
  1498 | D:2      | 1498 ||| READING scroll labelled UZILES ICZOSUP.
  1499 | D:2      | 1499 ||| READING scroll labelled WODACI VEDO.
  2120 | D:3      | Found a faded altar of an unknown god.
  2196 | D:3      | HP: 6/25 [burnt (4)]
  2198 | D:3      | Reached skill level 8 in Ranged Weapons
  2198 | D:3      | Incinerated by a bombardier beetle

Levels and vault maps discovered:
D:1:      dpeg_arrival_pond, layout_basic,
          nicolae_concentric_dashed_squares_wild
D:2:      layout_basic, uniq_jessica
D:3:      layout_basic, hellmonk_ecumenical_altar_inner_sanctum

Skill      XL: |  1  2  3  4 |
---------------+-------------+-----
Ranged Weapons | 6 7 8 |  8.3
Fighting       | |  1.5
Dodging        | |  2.4
Stealth        | |  1.2

Action                     |  1- 3 |  4- 6 || total
---------------------------+-------+-------++-------
   Fire: Shortbow          |    85 |    69 ||   154
    Use: Scroll            |     2 |     4 ||     6
 Armour: Leather armour    |    14 |    14 ||    28
  Dodge: Dodged            |    14 |     9 ||    23

Table legend:
 A = Non-vault XP
 B = Vault XP
 C = Vault XP percentage of total XP
 D = Non-vault monster count
 E = Vault monster count
 F = Vault count percentage of total count
                 A         B        C        D         E       F
            +---------+---------+-------+---------+---------+-------
      Total |     153 |      37 |  19.5 |      53 |       1 |   1.9
            +---------+---------+-------+---------+---------+-------
        D:1 |      25 |       0 |   0.0 |      16 |       0 |   0.0
        D:2 |      53 |      37 |  41.1 |      17 |       1 |   5.6
        D:3 |      75 |       0 |   0.0 |      20 |       0 |   0.0
            +---------+---------+-------+---------+---------+-------
